 Dungeon Crawl Stone Soup version 0.30-a0-591-g3c58d2bc28 (webtiles) character file.

Game seed: 3575141915336108714

94 Dartaoz the Gusty (level 4, -2/25 HPs)
             Began as a Tengu Air Elementalist on Jan 5, 2023.
             Killed by divine providence
             ... invoked by an orc priest
              (15 damage)
             ... on level 3 of the Dungeon.
             The game lasted 00:04:48 (2521 turns).

Dartaoz the Gusty (Tengu Air Elementalist)          Turns: 2521, Time: 00:04:48

Health: -2/25      AC:  2    Str:  9    XL:     4   Next: 63%
Magic:  4/8        EV: 13    Int: 17    God:
Gold:   163        SH:  0    Dex: 14    Spells: 7/8 levels left

rFire   . . .      SeeInvis .    g - +2 short sword (elec)
rCold   . . .      Faith    .    (no shield)
rNeg    + . .      Spirit   .    a - +0 robe
rPois   .          Reflect  .    (helmet restricted)
rElec   .          Harm     .    (no cloak)
rCorr   +          Rampage  .    (no gloves)
Will    .....                    (boots unavailable)
Stlth   ++                       (no amulet)
HPRegen 0.24/turn                j - ring of positive energy
MPRegen 0.11/turn                k - ring of resist corrosion

@: no status effects
A: beak, talons 3
a: no special abilities


You were on level 3 of the Dungeon.
You visited 1 branch of the dungeon, and saw 3 of its levels.

You collected 163 gold pieces.

Inventory:

Hand Weapons
 d - a +0 short sword
 g - a +2 short sword of electrocution (weapon)
Armour
 a - a +0 robe (worn)
Jewellery
 j - a ring of positive energy (left hand)
 k - a ring of resist corrosion (right hand)
Scrolls
 c - 4 scrolls of identify {unknown}
 e - a scroll of fear {unknown}
 f - a scroll of enchant armour {unknown}
 h - a scroll of teleportation {unknown}
 l - a scroll of silence {unknown}
 m - a scroll of immolation {unknown}
 n - a scroll of blinking {unknown}
Potions
 b - a potion of magic
 i - 3 potions of degeneration {unknown}


   Skills:
 + Level 1.5 Fighting
 + Level 2.9 Dodging
 + Level 2.6 Stealth
 + Level 2.5 Spellcasting
 + Level 2.4 Conjurations
 + Level 4.6 Air Magic


You had 7 spell levels left.
You knew the following spells:

 Your Spells              Type           Power      Damage    Failure   Level
a - Shock                 Conj/Air       56%        1d6       4%          1

Your spell library contained the following spells:

 Spells                   Type           Power      Damage    Failure   Level
 Static Discharge         Conj/Air       28%        2-4/arc   7%          2
 Swiftness                Air            17%        N/A       9%          3
 Slow                     Hex            8%         N/A       19%         1
 Airstrike                Air            8%         2d(2-18)  26%         4
 Scorch                   Fire           4%         2d5       28%         2
 Confusing Touch          Hex            2%         N/A       50%         3
 Portal Projectile        Hex/Tloc       4%         N/A       50%         3
 Tukima's Dance           Hex            2%         N/A       50%         3
 Vampiric Draining        Necr           2%         2d6       50%         3
 Flame Wave               Conj/Fire      6%         2d5       75%         4
 Blade Hands              Tmut           1%         N/A       99%         5
 Summon Cactus Giant      Summ           1%         N/A       100%        6


Dungeon Overview and Level Annotations

Branches:
Dungeon (3/15)

Altars:


Innate Abilities, Weirdness & Mutations

You have a beak for a mouth.
You have claws for feet.


Message History

You now have 163 gold pieces (gained 8).
Found a stone staircase leading up.
An orc priest and 2 orcs come into view.
Found a book of the Tundra.
You miscast Shock.
You are very lightly contaminated with residual magic.
Nothing appears to happen.
The orc shouts! x2
An orc wizard comes into view. It is wielding a +0 dagger.
An orc comes into view. It is wielding a +0 falchion.
The orc priest barely misses you.
Casting: Shock (safe; 4% risk of failure)
Confirm with . or Enter, or press ? or * to list all spells.
You don't know that spell.
The zap hits the orc priest.
The orc priest is moderately wounded.
The zap hits the orc.
You kill the orc!
The orc wizard shouts!
The orc shouts!
You hear an angry hiss.
The orc priest hits you with a +0 hand axe.
The zap misses the orc priest.
The zap hits the orc.
The orc is moderately wounded.
The zap hits the orc.
The orc is almost dead.
The orc wizard casts a spell.
The orc wizard flickers and vanishes!
Deactivating autopickup; reactivate with Ctrl-A.
The zap hits the orc priest.
The orc priest is heavily wounded.
The orc priest hits you with a +0 hand axe.
The orc attacks as you move away! The orc hits you with a +0 falchion.
The orc priest hits you with a +0 hand axe.
The orc attacks as you move away! The orc completely misses you.
Your magical contamination has completely faded away.
There is a stone staircase leading up here.
The orc barely misses you.
The orc priest mumbles some strange prayers to Beogh against you.
Beogh smites you!
Ouch! That really hurt!
You die...

#.........#
........~# ....
..~~# #.###.~8#
#########.....~~#
.........†.....~####
.
................#..#
..
...............###.#
...
###########....#@#.#
.:.. .... #.....o#.#
..... ####
#....#.o.#...... +
#....#..o.)..... #
#....#####...... ..
#....# ..... ###
#....# .... #...(.
... #....# ##


You could see an orc priest and 2 orcs.

Vanquished Creatures
  A gnoll (D:1)
  4 adders
  A dart slug (D:1)
  An orc (D:3)
  3 bats
  6 endoplasms
  4 giant cockroaches (D:1)
  4 hobgoblins
  5 kobolds
  2 quokkas
  6 ball pythons
  3 frilled lizards
  3 rats (D:1)
43 creatures vanquished.

Notes
Turn   | Place    | Note
-------+----------+-------------------------------------------
     0 | D:1      | Dartaoz the Tengu Air Elementalist began the quest for the
                  | Orb.
     0 | D:1      | Reached XP level 1. HP: 10/10 MP: 4/4
   273 | D:1      | Reached XP level 2. HP: 16/16 MP: 3/6
   468 | D:1      | Reached XP level 3. HP: 20/20 MP: 2/7
  1046 | D:1      | Reached skill level 1 in Fighting
  1528 | D:2      | Reached XP level 4. HP: 14/25 MP: 0/8
  2521 | D:3      | Killed from afar by an orc priest

Illustrated notes

Levels and vault maps discovered:
D:1:      dpeg_arrival_tiny_i, layout_loops_corners
D:2:      layout_loops_ring, minmay_close_crescents
D:3:      layout_basic, lemuel_crystal_altar, kennysheep_ying_yang,
          serial_shops, nicolae_shop_stone, moated_statue

Skill      XL: |  1  2  3 |
---------------+----------+-----
Conjurations   | 2 |  2.4
Fighting       | 1 |  1.5
Dodging        | |  2.9
Stealth        | |  2.6
Spellcasting   | |  2.5
Air Magic      | |  4.6

Action                   |  1- 3 |  4- 6 || total
-------------------------+-------+-------++-------
Melee: Unarmed           |     4 |       ||     4
       Kick              |     2 |     3 ||     5
       Short sword       |       |     8 ||     8
       Peck              |       |     1 ||     1
 Cast: Shock             |    56 |    33 ||    89
Armor: Robe              |     2 |     3 ||     5
Dodge: Dodged            |    12 |     9 ||    21

Table legend: (Time is in decaauts)
 A = Elapsed time spent in this place.
 B = Non-inter-level travel time spent in this place.
 C = Inter-level travel time spent in this place.
 D = Time resting spent in this place.
 E = Time spent auto-exploring this place.
 F = Levels seen in this place.
 G = Mean time per level.
                   A        B        C        D        E       F      G
               +--------+--------+--------+--------+--------+-----+--------+
         Total |   2518 |   2473 |     45 |      0 |   2257 |   3 |  839.3 |
       Dungeon |   2518 |   2473 |     45 |      0 |   2257 |   3 |  839.3 |
               +--------+--------+--------+--------+--------+-----+--------+

Top non-repeatable levels by time:
     D:1: 1227 daAuts
     D:2: 1039 daAuts
     D:3: 251 daAuts
